 Dungeon Crawl Stone Soup version 0.26.1-11-gd32895ea62 (webtiles) character file.

Game seed: 7519267797197969262

1646 Zeld the Cruncher (level 8, -13/50 HPs)
             Began as an Octopode Gladiator on May 22, 2021.
             Was an Initiate of Okawaru.
             Hit by a boomerang thrown by an orc warrior (18 damage)
             ... on level 7 of the Dungeon.
             The game lasted 00:06:13 (10804 turns).

Zeld the Cruncher (Octopode Gladiator)             Turns: 10804, Time: 00:06:14

Health: -13/50     AC:  1    Str: 15    XL:     8   Next: 99%
Magic:  8/8        EV: 14    Int: 11    God:    Okawaru [......]
Gold:   251        SH:  0    Dex: 13    Spells: 7/7 levels left

rFire    . . .     SeeInvis .   a - +0 quarterstaff
rCold    . . .     Faith    .   (shield currently unavailable)
rNeg     . . .     Spirit   .   b - +0 hat
rPois    .         Reflect  .   (no amulet)
rElec    .         Harm     .   (no ring)
rCorr    .         Rampage  .   (no ring)
Will     .....                  (no ring)
Stlth    ++........             (no ring)
HPRegen  0.16/turn              (no ring)
MPRegen  0.11/turn              (no ring)
                                (no ring)
                                (no ring)

@: no status effects
A: almost no armour, stealthy swim, amphibious, 8 rings, constrict 8, camouflage
1, gelatinous body 1
a: Renounce Religion


You were on level 7 of the Dungeon.
You worshipped Okawaru.
Okawaru was noncommittal.
You visited 2 branches of the dungeon, and saw 8 of its levels.
You also visited: Sewer.

You collected 431 gold pieces.
You spent 180 gold pieces at shops.

Inventory:

Hand Weapons
 a - a +0 quarterstaff (weapon)
Missiles
 c - 3 throwing nets
 l - 37 poisoned darts (quivered)
 q - 4 boomerangs of dispersal
Armour
 b - a +0 hat (worn)
Jewellery
 v - an uncursed ring of resist corrosion {unknown}
Wands
 s - a wand of polymorph (11)
Scrolls
 g - 9 scrolls of teleportation
 h - 5 scrolls of remove curse {unknown}
 i - 3 scrolls of random uselessness {unknown}
 j - 2 scrolls of blinking {unknown}
 k - 6 scrolls of identify {unknown}
 o - 2 scrolls of magic mapping {unknown}
 r - 5 scrolls of amnesia {unknown}
 t - 3 scrolls of fear {unknown}
 u - 2 scrolls of enchant weapon {unknown}
Potions
 d - 2 potions of haste {unknown}
 e - 5 potions of curing
 f - a potion of brilliance {unknown}
 m - 2 potions of heal wounds {unknown}
 n - 6 potions of attraction {unknown}
 p - 2 potions of flight {unknown}
 w - a potion of ambrosia {unknown}
 x - 3 potions of lignification {unknown}


   Skills:
 - Level 2.0 Fighting
 * Level 11.3 Staves
 - Level 2.0 Throwing
 - Level 3.0 Dodging


You had 7 spell levels left.
You didn't know any spells.
Your spell library was empty.

Dungeon Overview and Level Annotations

Branches:
Dungeon (7/15)             Temple (1/1) D:6           Sewer (visited)

Altars:
Ashenzari
Cheibriados
Dithmenos
Elyvilon
Fedhas
Gozag
Hepliaklqana
Kikubaaqudgha
Makhleb
Nemelex Xobeh
Okawaru
Qazlal
Ru
Sif Muna
Trog
Uskayaw
Vehumet
Wu Jian
Xom
Yredelemnul
Zin
The Shining One

Annotations:
D:5 1 runed translucent door, jlumianski's ghost, amateur FeSu


Innate Abilities, Weirdness & Mutations

You cannot wear most types of armour.
You are very stealthy in the water. (Stealth+)
You are amphibious.
You can wear up to eight rings at the same time.
You can use your tentacles to constrict eight enemies at once.
Your skin changes colour to match your surroundings (Stealth+).
Your rubbery body absorbs attacks. (AC +1, EV +1)


Message History

The orc warrior throws a boomerang.
The boomerang barely misses you.
The weapon returns to the orc warrior!
There are monsters nearby!
There are monsters nearby!
There are monsters nearby!
The orc warrior throws a boomerang.
The boomerang hits you!!
The weapon returns to the orc warrior!
You are too injured to fight recklessly!
The orc warrior throws a boomerang.
The boomerang hits you!
* * * LOW HITPOINT WARNING * * *
The weapon returns to the orc warrior!
You are too injured to fight recklessly!
You are too injured to fight recklessly!
You are too injured to fight recklessly!
The orc warrior throws a boomerang.
The boomerang closely misses you.
The weapon returns to the orc warrior!
The orc warrior throws a boomerang.
The boomerang hits you.
* * * LOW HITPOINT WARNING * * *
The orc warrior throws a boomerang.
The boomerang hits you!!
You die...

#...#.#.###.#
#####.......#
###.##### #+#
#.#######.#
#.........#
##..######.####.#
##.#.# ##.......
##.###.###....#
#.## ##...†@..#
##.###.#####..###.#
##.#.## #......#
##..######.######
##.......o#
########.# #.# #.#
#.#


You could see an orc warrior.

Vanquished Creatures
  Sigmund (D:5)
  Edmund (D:6)
  A sky beast (D:5)
  A centaur (D:6)
  A big kobold (Sewer)
  2 bullfrogs
  A water moccasin zombie (D:6)
  A water moccasin skeleton (D:6)
  A scorpion (D:5)
  3 howler monkeys (D:7)
  A hound (D:6)
  A jelly (D:7)
  2 centaur skeletons
  An orc priest (D:3)
  A gnoll shaman (D:5)
  2 orc wizards
  An iguana (D:5)
  5 worker ants
  4 hound skeletons
  Robin (D:2)
  4 adders
  9 gnolls
  A white imp (D:5)
  An ufetubus (D:5)
  An ooze (D:1)
  2 adder skeletons
  2 worms
  5 dart slugs
  4 leopard geckos
  21 orcs
  5 bats
  2 giant cockroaches
  2 gnoll zombies (D:5)
  20 goblins
  7 hobgoblins
  8 jackals
  4 quokkas
  2 ball pythons
  4 frilled lizards
  14 kobolds
  A leopard gecko skeleton (D:4)
  12 rats
163 creatures vanquished.

Vanquished Creatures (others)
  5 plants (D:2)
5 creatures vanquished.

Grand Total: 168 creatures vanquished

Notes
Turn   | Place    | Note
-------+----------+-------------------------------------------
     0 | D:1      | Zeld the Octopode Gladiator began the quest for the Orb.
     0 | D:1      | Reached XP level 1. HP: 14/14 MP: 1/1
   187 | D:1      | Reached XP level 2. HP: 19/19 MP: 2/2
   638 | D:1      | Reached skill level 4 in Staves
   799 | D:1      | Reached XP level 3. HP: 19/24 MP: 3/3
  2082 | D:2      | Noticed Robin
  2106 | D:2      | Reached XP level 4. HP: 24/29 MP: 4/4
  2197 | D:2      | Killed Robin
  2198 | D:2      | Reached skill level 5 in Staves
  2793 | D:3      | Reached XP level 5. HP: 31/34 MP: 5/5
  3310 | D:3      | Reached skill level 6 in Staves
  3697 | D:3      | Found a bloodstained altar of Trog.
  4047 | D:3      | Found a stormy altar of Qazlal.
  4136 | D:4      | Found Zin's Purification Station.
  4139 | D:4      | Found a glowing silver altar of Zin.
  4142 | D:4      | Bought 2 potions of curing for 180 gold pieces
  4330 | D:4      | Reached XP level 6. HP: 38/39 MP: 6/6
  4466 | D:4      | Found a glowing drain.
  4478 | Sewer    | Entered a sewer
  4646 | Sewer    | Reached skill level 7 in Staves
  4985 | Sewer    | Found a white marble altar of Elyvilon.
  5210 | D:4      | Reached XP level 7. HP: 39/45 MP: 7/7
  5754 | D:5      | Entered Level 5 of the Dungeon
  5863 | D:5      | Reached skill level 8 in Staves
  5927 | D:4      | HP: 2/45 [poisoned by an orc wizard]
  5934 | D:4      | HP: 1/45 [poisoned by an orc wizard]
  5942 | D:4      | HP: 1/45 [poisoned by an orc wizard]
  6539 | D:5      | Found a runed translucent door.
  7552 | D:5      | Noticed Sigmund
  7557 | D:5      | Killed Sigmund
  7558 | D:5      | Reached skill level 9 in Staves
  7621 | D:5      | Noticed jlumianski's ghost (amateur FeSu)
  7623 | D:5      | Reached XP level 8. HP: 36/50 MP: 8/8
  8480 | D:5      | Found a basalt altar of Yredelemnul.
  8649 | D:6      | Found a shadowy altar of Dithmenos.
  8837 | D:6      | Reached skill level 10 in Staves
  8922 | D:6      | Found a shimmering blue altar of Sif Muna.
  9065 | D:6      | Found a staircase to the Ecumenical Temple.
  9152 | Temple   | Entered the Ecumenical Temple
  9187 | Temple   | Became a worshipper of Warmaster Okawaru
  9763 | D:6      | Noticed Edmund
  9769 | D:6      | Killed Edmund
 10269 | D:6      | Found a blossoming altar of Fedhas.
 10407 | D:7      | Reached skill level 11 in Staves
 10804 | D:7      | Hit by a boomerang thrown by an orc warrior

Illustrated notes

Levels and vault maps discovered:
D:1:      shiori_shiawase, layout_basic
D:2:      layout_basic, minivault_27, guppyfry_early_lair_pool, uniq_robin
D:3:      layout_rooms, nicolae_qazlal_eye_of_the_storm, trog_hazing_becter
D:4:      layout_loops_ring, zin_purify, portal_sewer_entry_d
D:5:      layout_loops_ring, lemuel_zombie_altar_yredelemnul,
          ebering_ghost_reflecting_pool, minmay_misc_feat_plants, uniq_sigmund
D:6:      layout_gridville, fedhas_altar_3, marbit_many_paths,
          kennysheep_little_box, minmay_temple_entry_grid, uniq_edmund
D:7:      layout_loops_corners, serial_bayou_pond_c
Temple:   eino_temple_rhombus

Skill      XL: |  1  2  3  4  5  6  7  8 |
---------------+-------------------------+-----
Staves         | 4 5 6 7 9 11 | 11.3
Fighting       | |  2.0
Throwing       | |  2.0
Dodging        | |  3.0

Action                   |  1- 3 |  4- 6 |  7- 9 || total
-------------------------+-------+-------+-------++-------
Melee: Quarterstaff      |    71 |   160 |   158 ||   389
       Constrict         |    12 |    44 |    29 ||    85
       Tentacles         |     6 |    25 |    33 ||    64
  Use: Scroll            |       |     1 |     1 ||     2
       Potion            |       |       |     2 ||     2
 Stab: Sleeping          |     9 |    11 |     9 ||    29
       Distracted        |       |       |     1 ||     1
Armor: Skin              |     5 |     9 |     5 ||    19
Dodge: Dodged            |    38 |   119 |    75 ||   232
